 Dungeon Crawl Stone Soup version 0.26-a0-695-g987792ac36 (webtiles) character file.

Game seed: 4661535153595893337

1656 ringo67 the Frost Mage (level 9, 0/74 HPs)
             Began as a Ghoul Ice Elementalist on Oct 25, 2020.
             Was a Believer of Vehumet.
             Shot with an arrow by a centaur (8 damage)
             ... on level 6 of the Dungeon.
             The game lasted 00:19:48 (6352 turns).

ringo67 the Frost Mage (Ghoul Ice Elementalist)     Turns: 6352, Time: 00:19:49

Health: 0/74       AC:  4    Str: 12    XL:     9   Next: 0%
Magic:  12/15      EV: 13    Int: 13    God:    Vehumet [**....]
Gold:   334        SH:  0    Dex:  9    Spells: 6/18 levels left

rFire    + . .     SeeInvis .   m - +2 whip (venom)
rCold    + . .     Faith    .   (no shield)
rNeg     + + +     Spirit   .   o - +0 robe {Archmagi}
rPois    ∞         Reflect  .   (no helmet)
rElec    .         Harm     .   A - +0 cloak
rCorr    .         Rampage  .   j - +0 pair of gloves
MR       .....                  (no boots)
Stlth    +++.......             e - amulet of regeneration
HPRegen  0.00/turn              f - ring of protection from fire
MPRegen  0.14/turn              B - ring of stealth

@: no status effects
A: rotting body, claws 1, cold resistance 1, negative energy resistance 3,
inhibited regeneration, torment resistance, unbreathing
a: Renounce Religion


You were on level 6 of the Dungeon.
You worshipped Vehumet.
Vehumet was pleased with you.
You visited 1 branch of the dungeon, and saw 6 of its levels.

You collected 334 gold pieces.

Inventory:

Hand Weapons
 d - a +1 dagger of draining
 m - a +2 whip of venom (weapon)
Armour
 a - a +0 robe
 j - a +0 pair of gloves (worn)
 o - a +0 robe of the Archmagi (worn)
 v - a +4 ring mail
 A - a +0 cloak (worn)
Jewellery
 e - an amulet of regeneration (around neck)
 f - a ring of protection from fire (left hand)
 B - a ring of stealth (right hand)
Wands
 u - a wand of acid (8)
Scrolls
 c - 5 scrolls of identify {unknown}
 g - 3 scrolls of teleportation {unknown}
 i - 7 scrolls of remove curse {unknown}
 n - a scroll of amnesia {unknown}
 p - 2 scrolls of immolation {unknown}
 r - a scroll of blinking {unknown}
 t - a scroll of random uselessness {unknown}
 w - a scroll of magic mapping {unknown}
 x - 2 scrolls of enchant weapon {unknown}
 y - a scroll of summoning {unknown}
Potions
 b - 2 potions of curing {unknown}
 h - 2 potions of stabbing {unknown}
 k - a potion of magic {unknown}
 l - a potion of heal wounds {unknown}
 q - a potion of brilliance {unknown}
 s - 2 potions of degeneration {unknown}
 z - a potion of haste {unknown}
 C - a potion of ambrosia {unknown}


   Skills:
 + Level 5.2 Fighting
 - Level 3.1 Dodging
 - Level 2.1 Stealth
 + Level 5.0 Spellcasting
 + Level 0.0 Conjurations
 + Level 9.0 Ice Magic
 + Level 2.2 Earth Magic


You had 6 spell levels left.
You knew the following spells:

 Your Spells              Type           Power        Failure   Level
a - Freeze                Ice            ####         1%          1
b - Frozen Ramparts       Ice            #####.       1%          3
c - Ozocubu's Armour      Ice            #####...     1%          3
d - Hailstorm             Conj/Ice       ###.....     28%         4
e - Sandblast             Erth           ##....       8%          1

Your spell library contained the following spells:

 Spells                   Type           Power        Failure   Level
 Animate Skeleton         Necr           #.....       19%         1
 Apportation              Tloc           #.....       19%         1
 Corona                   Hex            #......      19%         1
 Summon Small Mammal      Summ           #...         19%         1
 Summon Ice Beast         Ice/Summ       ###.....     28%         4


Dungeon Overview and Level Annotations

Branches:
Dungeon (6/15)             Temple (0/1) D:6

Altars:
Dithmenos
Kikubaaqudgha
Ru
Trog
Uskayaw
Vehumet

Annotations:
D:6 3 runed translucent doors, karrick's ghost, novice GrGl


Innate Abilities, Weirdness & Mutations

Your body is rotting away.
You thrive by killing the living.
You are immune to poison.
You have sharp fingernails.
Your flesh is cold resistant. (rC+)
You are immune to negative energy. (rN+++)
You do not regenerate when monsters are visible.
You are immune to unholy pain and torment.
You can survive without breathing.


Message History

The sky beast hits you but does no damage.
You hit the centaur.
The centaur is moderately wounded.
The centaur unwields a +0 shortbow.
The centaur hits you!
* * * LOW HITPOINT WARNING * * *
The sky beast barely misses you. The centaur hits you.
* * * LOW HITPOINT WARNING * * *
Unknown command.
Casting: Frozen Ramparts (safe; 1% risk of failure)
Confirm with . or Enter, or press ? or * to list all spells.
You feel a surge of power! A film of ice covers your body!
The sky beast flickers out of sight!
Deactivating autopickup; reactivate with Ctrl-A.
Something hits you but does no damage. The centaur hits you!
* * * LOW HITPOINT WARNING * * *
Your icy armour cracks and falls away as you move.
The centaur closely misses you. x2; Something hits you but does no damage.
The centaur wields a +0 shortbow.
The centaur shoots an arrow.
The arrow hits you!
You die...

#######.........#
..#...#...?.....#
................#
................####
...................##
...............>....##
......c.(............#
..#..................# ### .#
.......@.............# .. ..#
.>#####..............# .##... .
######.?.......# ......
##.....(.## ........ #.......).#
.........##. #.........#
..........).### #.........#
............... ............##
..............#######.........)#


You could see a centaur.

Vanquished Creatures
  Eustachio (D:5)
  An orc warrior (D:6)
  3 ogres (D:5)
  A bullfrog (D:6)
  2 howler monkeys
  A quasit (D:5)
  Crazy Yiuf (D:5)
  6 orc priests
  A gnoll shaman (D:6)
  2 hounds
  9 orc wizards
  An iguana (D:4)
  A worker ant (D:6)
  A hound skeleton (D:5)
  A howler monkey zombie (D:5)
  14 gnolls
  11 adders
  2 howler monkey skeletons (D:4)
  An ufetubus (D:5)
  An ooze (D:3)
  2 worms
  A dart slug (D:4)
  5 leopard geckos
  21 orcs
  4 giant cockroaches
  9 goblins
  8 hobgoblins
  6 jackals
  6 kobolds
  A ball python (D:5)
  9 bats
  7 frilled lizards
  9 rats
149 creatures vanquished.

Vanquished Creatures (others)
  A kobold (D:3)
  4 fungi
  2 plants (D:6)
7 creatures vanquished.

Grand Total: 156 creatures vanquished

Notes
Turn   | Place    | Note
-------+----------+-------------------------------------------
     0 | D:1      | ringo67 the Ghoul Ice Elementalist began the quest for the
                  | Orb.
     0 | D:1      | Reached XP level 1. HP: 14/14 MP: 2/2
   438 | D:1      | Reached XP level 2. HP: 20/20 MP: 0/4
  1548 | D:2      | HP: 1/20 [worm (8)]
  1743 | D:2      | Reached XP level 3. HP: 16/26 MP: 0/5
  1921 | D:2      | Learned a level 3 spell: Frozen Ramparts
  2319 | D:2      | Reached XP level 4. HP: 33/33 MP: 6/6
  2335 | D:2      | Reached skill level 5 in Ice Magic
  2914 | D:3      | Reached XP level 5. HP: 38/38 MP: 8/8
  2957 | D:3      | Reached skill level 1 in Fighting
  3127 | D:3      | Found a radiant altar of Vehumet.
  3147 | D:3      | Became a worshipper of Vehumet
  3198 | D:3      | Learned a level 3 spell: Ozocubu's Armour
  3211 | D:3      | Reached XP level 6. HP: 38/48 MP: 6/9
  3722 | D:3      | Found a sacrificial altar of Ru.
  3972 | D:4      | Reached skill level 6 in Ice Magic
  4175 | D:4      | Noticed a phantom
  4373 | D:4      | Reached XP level 7. HP: 56/56 MP: 11/11
  4395 | D:4      | Reached * piety under Vehumet
  4395 | D:4      | Offered knowledge of Foxfire by Vehumet.
  4816 | D:4      | Found an ancient bone altar of Kikubaaqudgha.
  4961 | D:5      | Entered Level 5 of the Dungeon
  4980 | D:5      | Reached skill level 7 in Ice Magic
  5154 | D:5      | Found a hide-covered altar of Uskayaw.
  5175 | D:5      | Noticed Eustachio
  5233 | D:5      | Reached XP level 8. HP: 43/66 MP: 11/13
  5324 | D:5      | Killed Eustachio
  5324 | D:5      | Reached skill level 8 in Ice Magic
  5488 | D:5      | Learned a level 4 spell: Hailstorm
  5691 | D:5      | Offered knowledge of Sandblast by Vehumet.
  5692 | D:5      | Reached ** piety under Vehumet
  5703 | D:5      | Learned a level 1 spell: Sandblast
  5843 | D:5      | Found a bloodstained altar of Trog.
  5943 | D:5      | Found a runed translucent door.
  5944 | D:5      | Noticed Crazy Yiuf
  5953 | D:5      | Killed Crazy Yiuf
  6022 | D:6      | Reached skill level 1 in Earth Magic
  6055 | D:6      | Found a runed translucent gate.
  6056 | D:6      | Found a runed translucent gate.
  6056 | D:6      | Noticed a kobold demonologist
  6057 | D:6      | Found a runed translucent gate.
  6057 | D:6      | Noticed karrick's ghost (novice GrGl)
  6063 | D:6      | Identified the cursed +0 dagger of Freehold {pain, *Slow
                  | Int+4}
  6098 | D:6      | Reached skill level 5 in Fighting
  6275 | D:6      | Found a staircase to the Ecumenical Temple.
  6287 | D:6      | Found a shadowy altar of Dithmenos.
  6312 | D:6      | Reached skill level 5 in Spellcasting
  6312 | D:6      | Reached skill level 9 in Ice Magic
  6312 | D:6      | Reached XP level 9. HP: 74/74 MP: 12/15
  6352 | D:6      | Shot with an arrow by a centaur

Illustrated notes

Levels and vault maps discovered:
D:1:      minmay_arrival_loop, layout_loops_ring
D:2:      minmay_skewed_foursquare, layout_loops_ring, minmay_box_of_dots
D:3:      layout_basic, fiery_altar_vehumet, nicolae_ru_the_path_less_chosen
D:4:      layout_loops_cross, lemuel_coloured_pillars_altar
D:5:      layout_loops_cross, lightli_temple_of_fire, overflow_temple_1_default,
          dk_noncrumbling_2, uniq_crazy_yiuf_cottage, uniq_eustachio
D:6:      layout_rooms, minmay_temple_entry_hall, basic_altar,
          gammafunk_ghost_nasty_kobolds

Skill      XL: |  1  2  3  4  5  6  7  8 |
---------------+-------------------------+-----
Dodging        | 2 3 |  3.1
Spellcasting   | 2 3 4 5 |  5.0
Ice Magic      | 5 6 7 9 |  9.0
Fighting       | 1 2 3 5 |  5.2
Earth Magic    | 2 |  2.2
Stealth        | |  2.1

Action                   |  1- 3 |  4- 6 |  7- 9 || total
-------------------------+-------+-------+-------++-------
Melee: Unarmed           |    61 |       |       ||    61
       Whip              |    20 |   154 |   155 ||   329
 Cast: Freeze            |    50 |       |       ||    50
       Frozen Ramparts   |       |     9 |    17 ||    26
       Ozocubu's Armour  |       |       |     1 ||     1
 Stab: Sleeping          |     2 |     2 |     3 ||     7
Armor: Robe              |    19 |    34 |    37 ||    90
Dodge: Dodged            |    71 |    99 |    80 ||   250

Table legend: (Time is in decaauts)
 A = Elapsed time spent in this place.
 B = Non-inter-level travel time spent in this place.
 C = Inter-level travel time spent in this place.
 D = Time resting spent in this place.
 E = Time spent auto-exploring this place.
 F = Levels seen in this place.
 G = Mean time per level.
                   A        B        C        D        E       F      G
               +--------+--------+--------+--------+--------+-----+--------+
         Total |   6392 |   6236 |    156 |   1780 |   3062 |   6 | 1065.3 |
       Dungeon |   6392 |   6236 |    156 |   1780 |   3062 |   6 | 1065.3 |
               +--------+--------+--------+--------+--------+-----+--------+

Top non-repeatable levels by time:
     D:1: 1623 daAuts
     D:2: 1244 daAuts
     D:3: 1116 daAuts
     D:5: 1053 daAuts
     D:4: 1006 daAuts
     D:6: 348 daAuts
